 Dungeon Crawl Stone Soup version 0.26-a0-1126-g3318b609a0 (webtiles) character file.

Game seed: 16251992335725195836

309 Dracia the Ruffian (level 6, -1/48 HPs)
             Began as a Demonspawn Fighter on Dec 17, 2020.
             Slain by a worker ant (2 damage)
             ... on level 5 of the Dungeon.
             The game lasted 00:04:49 (4403 turns).

Dracia the Ruffian (Demonspawn Fighter)             Turns: 4403, Time: 00:04:49

Health: -1/48      AC:  6    Str: 15    XL:     6   Next: 17%
Magic:  0/6        EV: 10    Int:  9    God:
Gold:   281        SH:  0    Dex: 16    Spells: 5/5 levels left

rFire    . . .     SeeInvis .     - Unarmed
rCold    . . .     Faith    .   (no shield)
rNeg     . . .     Spirit   +   d - +0 ring mail
rPois    .         Reflect  .   (no helmet)
rElec    .         Harm     .   (no cloak)
rCorr    .         Rampage  .   (no gloves)
Will     .....                  (no boots)
Stlth    +.........             (no amulet)
HPRegen  0.16/turn              Z - ring of wizardry
MPRegen  0.10/turn              (no ring)

@: lethally poisoned (-1 -> -14)
A: claws 1, rugged brown scales 1, agile 1, demonic guardian 1, weak 1, magic
shield
a: no special abilities


You were on level 5 of the Dungeon.
You visited 1 branch of the dungeon, and saw 5 of its levels.

You collected 281 gold pieces.


Innate Abilities, Weirdness & Mutations

You have sharp fingernails.
You are partially covered in rugged brown scales. (AC +1, +3% HP)
A weak demonic guardian rushes to your aid.
When hurt, damage is shared between your health and your magic reserves.
You are agile. (Dex +2)
You are weak. (Str -2)


   Skills:
 - Level 3.0 Fighting
 - Level 1.7 Short Blades
 - Level 3.3 Armour
 - Level 3.3 Shields
 + Level 4.7 Unarmed Combat


You had 5 spell levels left.
You didn't know any spells.
Your spell library was empty.

Inventory:

Armour
 b - a +0 scale mail
 c - a +0 kite shield
 d - a +0 ring mail (worn)
Jewellery
 Z - a ring of wizardry (left claw)
Scrolls
 a - a scroll of remove curse {unknown}
 f - a scroll of blinking {unknown}
 g - 7 scrolls of identify {unknown}
 i - a scroll of magic mapping {unknown}
 j - 2 scrolls of random uselessness {unknown}
 k - a scroll of teleportation {unknown}
Potions
 h - a potion of brilliance

Dungeon Overview and Level Annotations

Branches:
Dungeon (5/15)
 Temple: D:4-7

Altars:
Yredelemnul

Annotations:
D:3 1 runed translucent door
D:4 Grinder

..§§ .§#
..# ... #.#
#.#
.########B#
........@<#
..........#
...########
#


You could see a worker ant.


Message History

The worker ant is lightly wounded.
You feel sick. The worker ant barely misses you.
You scratch the worker ant.
The worker ant is heavily wounded.
The worker ant bites you.
* * * LOW HITPOINT WARNING * * *
You are more poisoned.
The worker ant poisons you!
You barely miss the worker ant.
The worker ant is heavily wounded.
* * * LOW HITPOINT WARNING * * *
You feel sick. The worker ant bites you.
* * * LOW HITPOINT WARNING * * *
You are more poisoned.
The worker ant poisons you!
You scratch the worker ant but do no damage.
The worker ant is heavily wounded.
* * * LOW HITPOINT WARNING * * *
You feel sick. The worker ant bites you.
* * * LOW HITPOINT WARNING * * *
You scratch the worker ant but do no damage.
The worker ant is heavily wounded.
* * * LOW HITPOINT WARNING * * *
You feel sick. The worker ant bites you.
* * * LOW HITPOINT WARNING * * *
You scratch the worker ant.
The worker ant is severely wounded.
* * * LOW HITPOINT WARNING * * *
You feel sick. The worker ant bites you.
You die...

Skill      XL: |  1  2  3  4  5 |
---------------+----------------+-----
Armour         | 3 |  3.3
Shields        | 3 |  3.3
Unarmed Combat | 1 3 4 |  4.7
Fighting       | |  3.0
Short Blades   | |  1.7

Action                   |  1- 3 |  4- 6 || total
-------------------------+-------+-------++-------
Melee: Rapier            |    80 |       ||    80
       Unarmed           |    28 |   237 ||   265
       Punch             |       |     3 ||     3
  Use: Potion            |     1 |     4 ||     5
Armor: Scale mail        |    37 |    72 ||   109
       Ring mail         |       |     9 ||     9
       Skin              |       |     1 ||     1
Dodge: Dodged            |    40 |    96 ||   136
Block: Kite shield       |    46 |       ||    46

Levels and vault maps discovered:
D:1:      eino_arrival_water_cross, layout_basic, grunt_decor_cap
D:2:      layout_basic, uniq_terence
D:3:      layout_loops_corners, grunt_decor_arrowhead, hangedman_decor_push,
          dk_yredelemnul_ordeal
D:4:      layout_basic, tso_metal_star, uniq_crazy_yiuf_cottage, uniq_grinder,
          uniq_natasha
D:5:      layout_loops_ring, kennysheep_little_box,
          nicolae_dithmenos_the_darkroom, serial_shops,
          nicolae_shop_temple_entry_statues_fountains, minmay_tree_intersection,
          st_stairs_2

Notes
Turn   | Place    | Note
-------+----------+-------------------------------------------
     0 | D:1      | Dracia the Demonspawn Fighter began the quest for the Orb.
     0 | D:1      | Reached XP level 1. HP: 18/18 MP: 1/1
    74 | D:1      | Reached skill level 3 in Armour
    74 | D:1      | Reached skill level 3 in Shields
    76 | D:1      | Gained mutation: You have sharp fingernails. [demonic
                  | ancestry]
    76 | D:1      | Reached XP level 2. HP: 15/24 MP: 2/2
   509 | D:1      | Gained mutation: A weak demonic guardian rushes to your
                  | aid. [demonic ancestry]
   509 | D:1      | Reached XP level 3. HP: 16/29 MP: 3/3
  1377 | D:2      | Reached skill level 1 in Unarmed Combat
  1377 | D:2      | Gained mutation: When hurt, damage is shared between your
                  | health and your magic reserves. [demonic ancestry]
  1377 | D:2      | Reached XP level 4. HP: 21/35 MP: 4/4
  1804 | D:2      | Reached skill level 2 in Unarmed Combat
  2529 | D:2      | Noticed Terence
  2566 | D:2      | Killed Terence
  2567 | D:2      | Reached skill level 3 in Unarmed Combat
  2834 | D:3      | Gained mutation: You are partially covered in rugged brown
                  | scales. (AC +1, +3% HP) [demonic ancestry]
  2834 | D:3      | Reached XP level 5. HP: 34/42 MP: 5/5
  2846 | D:3      | Gained mutation: You are weak. (Str -2) [potion of
                  | mutation]
  2846 | D:3      | Gained mutation: You are agile. (Dex +2) [potion of
                  | mutation]
  3228 | D:3      | Found a runed translucent door.
  3228 | D:3      | Noticed a human
  3230 | D:3      | Found a basalt altar of Yredelemnul.
  3493 | D:3      | Reached skill level 4 in Unarmed Combat
  4156 | D:4      | Reached XP level 6. HP: 44/48 MP: 6/6
  4326 | D:4      | Noticed Grinder
  4359 | D:5      | Entered Level 5 of the Dungeon
  4402 | D:5      | HP: 4/48 [poisoned by a worker ant]
  4403 | D:5      | HP: 1/48 [poisoned by a worker ant]
  4403 | D:5      | Slain by a worker ant

Vanquished Creatures
  A water moccasin skeleton (D:4)
  An orc wizard (D:3)
  Terence (D:2)
  2 worker ants
  8 adders
  3 oozes
  3 dart slugs (D:1)
  3 leopard geckos
  An orc (D:3)
  A giant cockroach (D:1)
  9 goblins
  9 hobgoblins
  8 jackals (D:1)
  4 kobolds
  2 quokkas (D:3)
  4 bats
  5 frilled lizards
  A kobold zombie (D:3)
  9 rats
75 creatures vanquished.

Vanquished Creatures (collateral kills)
  3 orcs (D:3)
  2 frilled lizards
5 creatures vanquished.

Grand Total: 80 creatures vanquished

Table legend: (Time is in decaauts)
 A = Elapsed time spent in this place.
 B = Non-inter-level travel time spent in this place.
 C = Inter-level travel time spent in this place.
 D = Time resting spent in this place.
 E = Time spent auto-exploring this place.
 F = Levels seen in this place.
 G = Mean time per level.
                   A        B        C        D        E       F      G
               +--------+--------+--------+--------+--------+-----+--------+
         Total |   4405 |   4214 |    191 |    795 |   2792 |   5 |  881.0 |
       Dungeon |   4405 |   4214 |    191 |    795 |   2792 |   5 |  881.0 |
               +--------+--------+--------+--------+--------+-----+--------+

Top non-repeatable levels by time:
     D:2: 1645 daAuts
     D:1: 1253 daAuts
     D:3: 1251 daAuts
     D:4: 211 daAuts
     D:5: 43 daAuts

Table legend:
 A = Non-vault XP
 B = Vault XP
 C = Vault XP percentage of total XP
 D = Non-vault monster count
 E = Vault monster count
 F = Vault count percentage of total count
                 A         B        C        D         E       F
            +---------+---------+-------+---------+---------+-------
      Total |     406 |      36 |   8.1 |      78 |       2 |   2.5
            +---------+---------+-------+---------+---------+-------
        D:1 |      53 |       0 |   0.0 |      26 |       0 |   0.0
        D:2 |     101 |      35 |  25.7 |      17 |       1 |   5.6
        D:3 |     133 |       1 |   0.7 |      30 |       1 |   3.2
        D:4 |     119 |       0 |   0.0 |       5 |       0 |   0.0
            +---------+---------+-------+---------+---------+-------
